 Dungeon Crawl Stone Soup version 0.18-a0-965-g9200175 (webtiles) character file.

49 root the Shield-Bearer (level 3, -9/33 HPs)
             Began as a Minotaur Fighter on Jan 1, 2016.
             Was an Initiate of Qazlal.
             Killed by nerve-wracking pain
             ... invoked by Grinder
              (12 damage)
             ... on level 3 of the Dungeon.
             The game lasted 00:04:28 (1178 turns).

root the Shield-Bearer (Minotaur Fighter)           Turns: 1178, Time: 00:04:28

Health: -9/33      AC:  7    Str: 21    XL:     3   Next: 51%
Magic:  2/2        EV:  7    Int:  5    God:    Qazlal [......]
Gold:   120        SH:  9    Dex:  9    Spells: 0 memorised, 2 levels left

rFire  . . .     SeeInvis .     a - +0 war axe
rCold  . . .     Gourm    .     b - +0 scale mail
rNeg   . . .     Faith    .     c - +0 shield
rPois  .         Spirit   .     (helmet restricted)
rElec  .         Dismiss  .     (no cloak)
rCorr  .         Reflect  .     k - +0 pair of gloves
SustAt .         Harm     .     (no boots)
MR     .....                    (no amulet)
Stlth  +.........               (no ring)
                                r - ring of stealth

@: drained, not resistant to hostile enchantments, very unstealthy
A: retaliatory headbutt, horns 2
a: Renounce Religion


You were on level 3 of the Dungeon.
You worshipped Qazlal.
Qazlal was noncommittal.
You were not hungry.

You visited 1 branch of the dungeon, and saw 3 of its levels.

You collected 120 gold pieces.

Inventory:

Hand Weapons
 a - a +0 war axe (weapon)
Armour
 b - a +0 scale mail (worn)
 c - a +0 shield (worn)
 k - a +0 pair of gloves (worn)
Jewellery
 r - a ring of stealth (left hand)
Scrolls
 g - a scroll of blinking {unknown}
 i - a scroll of immolation {unknown}
 j - 2 scrolls of identify {unknown}
 m - a scroll of enchant armour {unknown}
 n - a scroll of enchant weapon {unknown}
 p - 3 scrolls of amnesia {unknown}
 q - a scroll of remove curse {unknown}
Potions
 d - 2 potions of might
 e - a potion of heal wounds {unknown}
 h - 2 potions of invisibility {unknown}
 l - a potion of curing {unknown}
 t - 2 potions of haste {unknown}
Comestibles
 f - a bread ration
 o - 3 chunks of flesh
 s - a meat ration


   Skills:
 + Level 4.2(3.1) Fighting
 + Level 2.9(1.9) Axes
 + Level 4.2(3.1) Armour
 + Level 4.3(3.2) Shields


You had 2 spell levels left.
You didn't know any spells.

Dungeon Overview and Level Annotations

Branches:
Dungeon (3/15)

Altars:
Cheibriados
Gozag
Kikubaaqudgha
Qazlal
Ru
Zin

Annotations:
D:3 Grinder


Innate Abilities, Weirdness & Mutations

You reflexively headbutt those who attack you in melee.
You have a pair of horns on your head.


Message History

Grinder comes into view.
Grinder shouts!
There is an open door here.
Grinder gestures at you.
You barely resist.
A giant cockroach comes into view.
Grinder hits you.
You writhe in agony.
Your scale mail prevents you from hitting Grinder.
You headbutt Grinder!
Grinder is moderately wounded.
Grinder hits you.
You writhe in agony.
Grinder hits you!
You barely miss Grinder. You headbutt Grinder.
Grinder is moderately wounded.
Grinder hits you!
* * * LOW HITPOINT WARNING * * *
The giant cockroach bites you but does no damage.
There is an open door here.
Grinder gestures at you. Pain shoots through your body!
You die...

###### ..#.##....###
.# ..........s.## .#
....##....#5.# .# #
#######.##.# #@.#.#
##.#.# .## #. #...#
...##.# ##..#
......############..#
.......#............#
.......#.#########..#
._.....#.# ##.#
.......#.# ..#


You could see Grinder and a giant cockroach.

Vanquished Creatures
  An adder (D:2)
  A worm (D:2)
  2 giant geckos
  A ball python (D:2)
  A bat (D:1)
  2 giant cockroaches (D:1)
  5 goblins
  5 hobgoblins
  4 jackals (D:2)
  5 kobolds (D:1)
  A giant newt (D:1)
  A rat (D:2)
29 creatures vanquished.

Notes
Turn   | Place    | Note
--------------------------------------------------------------
     0 | D:1      | root the Minotaur Fighter began the quest for the Orb.
     0 | D:1      | Reached XP level 1. HP: 19/19 MP: 0/0
    85 | D:1      | Reached XP level 2. HP: 27/27 MP: 1/1
   116 | D:1      | Reached skill level 4 in Fighting
   295 | D:2      | Reached XP level 3. HP: 20/33 MP: 2/2
   498 | D:2      | Found a sacrificial altar of Ru.
   609 | D:2      | Found a stormy altar of Qazlal.
   631 | D:2      | Became a worshipper of Qazlal Stormbringer
  1004 | D:2      | Found an ancient bone altar of Kikubaaqudgha.
  1098 | D:2      | Found a glowing silver altar of Zin.
  1098 | D:2      | Found an opulent altar of Gozag.
  1140 | D:3      | Found a snail-covered altar of Cheibriados.
  1166 | D:3      | Noticed Grinder
  1178 | D:3      | Killed from afar by Grinder

Vault maps used:
D:1:      dpeg_arrival_line_fractal
D:2:      grunt_temple_overflow_gold_and_silver, nicolae_overflow_hidden_temple,
          lemuel_coloured_pillars_altar, nicolae_qazlal_eye_of_the_storm
D:3:      cheibriados_altar_1, tgw_trog, old_standard_altar, first_bread,
          uniq_grinder

Action                   || total
-------------------------++-------
Melee: War axe           ||    70
  Eat: Chunk             ||     1
